 Dungeon Crawl Stone Soup version 0.28-a0-863-g8cecda6153 (webtiles) character file.

Game seed: 548781324410192013

1995 sanka the Insei (level 9, -1/64 (67) HPs)
             Began as a Gnoll Transmuter on Nov 18, 2021.
             Slain by a wight (17 damage)
             ... on level 7 of the Dungeon.
             The game lasted 00:11:33 (8393 turns).

sanka the Insei (Gnoll Transmuter)                  Turns: 8393, Time: 00:11:34

HP:   -1/64 (67)    AC:  2    Str:  9    XL:     9   Next: 21%
MP:   15/18         EV: 23    Int: 16    God:
Gold: 9             SH:  0    Dex: 18    Spells: 15/21 levels left

rFire   . . .      SeeInvis .     - Unarmed
rCold   . . .      Faith    .   (shield currently unavailable)
rNeg    + . .      Spirit   .   (armour currently unavailable)
rPois   x          Reflect  .   (helmet currently unavailable)
rElec   .          Harm     .   (cloak currently unavailable)
rCorr   .          Rampage  .   (gloves currently unavailable)
Will    .....                   (boots currently unavailable)
Stlth   +++.......              (no amulet)
HPRegen 0.20/turn               (no ring)
MPRegen 0.16/turn               u - ring of positive energy

@: spider-form, wereblooded, lightly drained
A: venomous fangs, tiny, (fangs 1), strong nose, distributed training
a: End Transformation


You were on level 7 of the Dungeon.
You were a venomous arachnid creature.
You visited 1 branch of the dungeon, and saw 7 of its levels.

You collected 329 gold pieces.
You spent 320 gold pieces at shops.


Innate Abilities, Weirdness & Mutations

You are a venomous arachnid creature.
You have poisonous fangs.
You are tiny and dextrous.
Your spellcasting is less reliable in this form.
Your armour is entirely melded.
You are incapable of wielding weapons or throwing items.
((You have very sharp teeth.))
Your uncanny sense of smell can sniff out nearby items.
Your experience applies equally to all skills.


   Skills:
 + Level 4.8 Fighting
 + Level 4.0 Short Blades
 + Level 4.0 Long Blades
 + Level 4.0 Axes
 + Level 4.0 Maces & Flails
 + Level 4.0 Polearms
 + Level 4.0 Staves
 + Level 4.0 Slings
 + Level 4.0 Bows
 + Level 4.0 Crossbows
 + Level 4.0 Throwing
 + Level 4.0 Armour
 + Level 6.1 Dodging
 + Level 4.0 Stealth
 + Level 4.0 Shields
 + Level 7.7 Unarmed Combat
 + Level 6.5 Spellcasting
 + Level 3.3 Conjurations
 + Level 3.3 Hexes
 + Level 3.3 Summonings
 + Level 3.3 Necromancy
 + Level 3.3 Translocations
 + Level 5.1 Transmutations
 + Level 3.3 Fire Magic
 + Level 3.3 Ice Magic
 + Level 3.3 Air Magic
 + Level 3.3 Earth Magic
 + Level 3.3 Poison Magic
 + Level 4.4 Invocations
 + Level 4.0 Evocations


You had 15 spell levels left.
You knew the following spells:

 Your Spells              Type           Power      Damage    Failure   Level
x - Spider Form           Tmut/Pois      18%        N/A       19%         3
y - Wereblood             Tmut           21%        N/A       9%          2
z - Beastly Appendage     Tmut           42%        N/A       7%          1

Your spell library contained the following spells:

 Spells                   Type           Power      Damage    Failure   Level
 Magic Dart               Conj           60%        1d6       11%         1
 Sandblast                Erth           30%        2d9       11%         1
 Passwall                 Tmut/Erth      15%        N/A       12%         2
 Searing Ray              Conj           30%        2d5       14%         2
 Static Discharge         Conj/Air       15%        N/A       14%         2
 Stone Arrow              Conj/Erth      30%        3d8       24%         3
 Ice Form                 Ice/Tmut       18%        N/A       43%         4
 Animate Dead             Necr           7%         N/A       54%         4
 Dispel Undead            Necr           15%        3d10      54%         4
 Fulminant Prism          Conj/Hex       7%         3d7       54%         4
 Sticky Flame             Conj/Fire      15%        2d4       54%         4
 Summon Ice Beast         Ice/Summ       15%        N/A       54%         4
 Summon Mana Viper        Hex/Summ       15%        N/A       85%         5
 Haunt                    Necr/Summ      7%         N/A       100%        7
 Monstrous Menagerie      Summ           7%         N/A       100%        7
 Infestation              Necr           7%         N/A       100%        8

Inventory:

Armour
 a - a +0 robe (melded)
 o - a +0 cloak (melded)
Jewellery
 u - a ring of positive energy (right front leg)
Scrolls
 d - 3 scrolls of teleportation {@r4}
 g - 3 scrolls of immolation {!r}
 h - a scroll of enchant armour {unknown}
 k - 2 scrolls of vulnerability {!r}
 l - a scroll of fear {unknown}
 n - 6 scrolls of blinking
 q - 4 scrolls of noise {!r}
 r - a scroll of magic mapping {unknown}
 s - a scroll of silence {!r}
 t - 2 scrolls of amnesia
Potions
 c - 3 potions of degeneration {unknown}
 e - a potion of invisibility {unknown}
 f - 3 potions of mutation {unknown}
 i - 3 potions of flight {unknown}
 j - 2 potions of attraction {unknown}
 m - 6 potions of heal wounds {@q2}
 p - 5 potions of curing {@q1}
 v - a potion of berserk rage {unknown}
 w - a potion of resistance {unknown}
 x - a potion of might
 z - a potion of brilliance
 A - a potion of lignification {!q}

Dungeon Overview and Level Annotations

Branches:
Dungeon (7/15)
 Temple: D:4-7

Altars:
Fedhas
Gozag
Nemelex Xobeh
Vehumet
Wu Jian

Shops:
D:6 !

Annotations:
D:7 exclusions: freezing wraith, howler monkey and wraith

..▒......†...▒▒.▒▒ ..
............▒....▒ ▒..
▒...........▒....▒▒...
▒▒..▒▒▒........▒?....
▒.. ▒......!..▒>.▒ ▒▒
▒............▒...
▒....▒▒▒.)........
▒▒... ▒....▒...▒..
▒▒.▒ ▒▒..s▒...... ▒▒
▒...zz..▒.▒.
▒........▒ ▒
▒..........▒
▒...........▒
..........▒▒▒
.......▒▒.▒ ▒.▒...£ ▒▒


You could see 2 wights.


Message History

Unknown command.
You bite the wight!
The wight is heavily damaged.
You hiss as the wereblood boils in your veins!
The wight hits you with a +4 battleaxe of freezing!
You partially resist.
You feel drained. The wight freezes you. The wight barely misses you.
You barely miss the wight.
The wight is heavily damaged.
The wight misses you. The wight closely misses you.
Unknown command.
You hit the wight.
The wight is severely damaged.
The wight completely misses you. The wight misses you.
Unknown command.
You barely miss the wight.
The wight is severely damaged.
The wight hits you with a +4 battleaxe of freezing!
* * * LOW HITPOINT WARNING * * *
You partially resist.
You feel drained.
* * * LOW HITPOINT WARNING * * *
The wight freezes you.
* * * LOW HITPOINT WARNING * * *
The wight hits you with a +5 war axe!
You die...

Action                   |  1- 3 |  4- 6 |  7- 9 || total
-------------------------+-------+-------+-------++-------
Melee: Unarmed           |    69 |   120 |   228 ||   417
       Kick              |    12 |    20 |    19 ||    51
       Bite              |     5 |     5 |    11 ||    21
       Headbutt          |     4 |     5 |     6 ||    15
       Punch             |     1 |     5 |     1 ||     7
 Cast: Beastly Appendage |    17 |    21 |    13 ||    51
       Spider Form       |       |     6 |    17 ||    23
       Wereblood         |       |     2 |     8 ||    10
  Use: Scroll            |       |       |     7 ||     7
 Stab: Sleeping          |     1 |     1 |     3 ||     5
Armor: Robe              |    10 |     7 |    10 ||    27
       Skin              |       |     1 |     4 ||     5
Dodge: Dodged            |    35 |    70 |   153 ||   258

Levels and vault maps discovered:
D:1:      heliophobic_arrival_henge, layout_rooms,
          shapermc_ecumenical_altar_notcrosses
D:2:      layout_loops_corners
D:3:      layout_loops_ring
D:4:      layout_loops_corners
D:5:      layout_loops_cross, gammafunk_temple_overflow_wave,
          gammafunk_ghost_mausoleum
D:6:      layout_basic, chequers_temple_overflow_statue_of_worship,
          amcnicky_altar_gilded, nicolae_inconvenience_store, skrybe_limestone_x
D:7:      layout_cave_pools, minmay_temple_entry_glassed_door

Notes
Turn   | Place    | Note
-------+----------+-------------------------------------------
     0 | D:1      | sanka the Gnoll Transmuter began the quest for the Orb.
     0 | D:1      | Reached XP level 1. HP: 17/17 MP: 6/6
   282 | D:1      | Found a faded altar of an unknown god.
   393 | D:1      | Reached XP level 2. HP: 11/23 MP: 7/7
  1173 | D:2      | Reached XP level 3. HP: 21/28 MP: 7/9
  1329 | D:2      | Reached skill level 5 in Spellcasting
  1570 | D:2      | Reached skill level 1 in Invocations
  1881 | D:2      | Reached skill level 1 in Short Blades
  1881 | D:2      | Reached skill level 1 in Long Blades
  1881 | D:2      | Reached skill level 1 in Axes
  1881 | D:2      | Reached skill level 1 in Maces & Flails
  1881 | D:2      | Reached skill level 1 in Polearms
  1881 | D:2      | Reached skill level 1 in Staves
  1881 | D:2      | Reached skill level 1 in Slings
  1881 | D:2      | Reached skill level 1 in Bows
  1881 | D:2      | Reached skill level 1 in Crossbows
  1881 | D:2      | Reached skill level 1 in Throwing
  1881 | D:2      | Reached skill level 1 in Armour
  1881 | D:2      | Reached skill level 1 in Stealth
  1881 | D:2      | Reached skill level 1 in Shields
  1881 | D:2      | Reached skill level 1 in Evocations
  1917 | D:2      | Reached XP level 4. HP: 24/34 MP: 9/11
  2308 | D:2      | Learned a level 2 spell: Wereblood
  2312 | D:2      | Learned a level 3 spell: Spider Form
  2325 | D:3      | Reached skill level 1 in Conjurations
  2325 | D:3      | Reached skill level 1 in Hexes
  2325 | D:3      | Reached skill level 1 in Summonings
  2325 | D:3      | Reached skill level 1 in Necromancy
  2325 | D:3      | Reached skill level 1 in Translocations
  2325 | D:3      | Reached skill level 1 in Fire Magic
  2325 | D:3      | Reached skill level 1 in Ice Magic
  2325 | D:3      | Reached skill level 1 in Air Magic
  2325 | D:3      | Reached skill level 1 in Earth Magic
  2325 | D:3      | Reached skill level 1 in Poison Magic
  2627 | D:3      | Reached XP level 5. HP: 40/40 MP: 10/12
  3344 | D:4      | Reached skill level 3 in Fighting
  3345 | D:4      | Reached skill level 4 in Transmutations
  3379 | D:4      | Noticed an ogre
  3409 | D:4      | Killed an ogre
  3410 | D:4      | Reached skill level 2 in Invocations
  3410 | D:4      | Reached XP level 6. HP: 31/47 MP: 9/13
  3862 | D:4      | Reached skill level 2 in Short Blades
  3862 | D:4      | Reached skill level 2 in Long Blades
  3862 | D:4      | Reached skill level 2 in Axes
  3862 | D:4      | Reached skill level 2 in Maces & Flails
  3862 | D:4      | Reached skill level 2 in Polearms
  3862 | D:4      | Reached skill level 2 in Staves
  3862 | D:4      | Reached skill level 2 in Slings
  3862 | D:4      | Reached skill level 2 in Bows
  3862 | D:4      | Reached skill level 2 in Crossbows
  3862 | D:4      | Reached skill level 2 in Throwing
  3862 | D:4      | Reached skill level 2 in Armour
  3862 | D:4      | Reached skill level 5 in Dodging
  3862 | D:4      | Reached skill level 2 in Stealth
  3862 | D:4      | Reached skill level 2 in Shields
  3862 | D:4      | Reached skill level 2 in Evocations
  4270 | D:4      | Noticed a necrophage
  4281 | D:4      | Killed a necrophage
  4282 | D:4      | Reached skill level 7 in Unarmed Combat
  4282 | D:4      | Reached XP level 7. HP: 39/52 MP: 12/15
  4622 | D:5      | Entered Level 5 of the Dungeon
  4729 | D:5      | Reached skill level 2 in Conjurations
  4729 | D:5      | Reached skill level 2 in Hexes
  4729 | D:5      | Reached skill level 2 in Summonings
  4729 | D:5      | Reached skill level 2 in Necromancy
  4729 | D:5      | Reached skill level 2 in Translocations
  4729 | D:5      | Reached skill level 2 in Fire Magic
  4729 | D:5      | Reached skill level 2 in Ice Magic
  4729 | D:5      | Reached skill level 2 in Air Magic
  4729 | D:5      | Reached skill level 2 in Earth Magic
  4729 | D:5      | Reached skill level 2 in Poison Magic
  5275 | D:5      | Reached skill level 3 in Invocations
  5278 | D:5      | HP: 5/53 [quokka (4)]
  5626 | D:5      | Found a sparkling altar of Nemelex Xobeh.
  5626 | D:5      | Found a blossoming altar of Fedhas.
  5804 | D:5      | Found a transporter.
  5806 | D:5      | Noticed ianfitz1987's ghost (novice TrAK)
  5807 | D:5      | Found a transporter.
  6045 | D:5      | Reached XP level 8. HP: 32/60 MP: 14/16
  6244 | D:5      | Killed ianfitz1987's ghost
  6245 | D:5      | Reached skill level 4 in Fighting
  6245 | D:5      | Reached skill level 3 in Short Blades
  6245 | D:5      | Reached skill level 3 in Long Blades
  6245 | D:5      | Reached skill level 3 in Axes
  6245 | D:5      | Reached skill level 3 in Maces & Flails
  6245 | D:5      | Reached skill level 3 in Polearms
  6245 | D:5      | Reached skill level 3 in Staves
  6245 | D:5      | Reached skill level 3 in Slings
  6245 | D:5      | Reached skill level 3 in Bows
  6245 | D:5      | Reached skill level 3 in Crossbows
  6245 | D:5      | Reached skill level 3 in Throwing
  6245 | D:5      | Reached skill level 3 in Armour
  6245 | D:5      | Reached skill level 3 in Stealth
  6245 | D:5      | Reached skill level 3 in Shields
  6245 | D:5      | Reached skill level 6 in Spellcasting
  6245 | D:5      | Reached skill level 3 in Evocations
  6695 | D:6      | Found Goobepsu's Distillery.
  6725 | D:6      | Reached skill level 4 in Invocations
  6895 | D:6      | Reached skill level 3 in Conjurations
  6895 | D:6      | Reached skill level 3 in Hexes
  6895 | D:6      | Reached skill level 3 in Summonings
  6895 | D:6      | Reached skill level 3 in Necromancy
  6895 | D:6      | Reached skill level 3 in Translocations
  6895 | D:6      | Reached skill level 3 in Fire Magic
  6895 | D:6      | Reached skill level 3 in Ice Magic
  6895 | D:6      | Reached skill level 3 in Air Magic
  6895 | D:6      | Reached skill level 3 in Earth Magic
  6895 | D:6      | Reached skill level 3 in Poison Magic
  7017 | D:6      | Reached skill level 6 in Dodging
  7079 | D:6      | Found an opulent altar of Gozag.
  7205 | D:7      | Noticed a freezing wraith
  7205 | D:7      | Noticed a freezing wraith
  7205 | D:7      | Noticed a wraith
  7260 | D:7      | Reached skill level 5 in Transmutations
  7260 | D:7      | Reached XP level 9. HP: 66/66 MP: 13/18
  7925 | D:6      | Found a radiant altar of Vehumet.
  7925 | D:6      | Found an ornate altar of the Wu Jian Council.
  7980 | D:6      | Identified the +0 scale mail of the Endless Expanse {rElec}
  8199 | D:6      | Bought 2 potions of heal wounds for 100 gold pieces
  8199 | D:6      | Bought 2 potions of curing for 60 gold pieces
  8199 | D:6      | Bought a potion of might for 40 gold pieces
  8199 | D:6      | Bought a potion of brilliance for 40 gold pieces
  8199 | D:6      | Bought a potion of heal wounds for 50 gold pieces
  8199 | D:6      | Bought a potion of lignification for 30 gold pieces
  8278 | D:7      | Reached skill level 4 in Short Blades
  8278 | D:7      | Reached skill level 4 in Long Blades
  8278 | D:7      | Reached skill level 4 in Axes
  8278 | D:7      | Reached skill level 4 in Maces & Flails
  8278 | D:7      | Reached skill level 4 in Polearms
  8278 | D:7      | Reached skill level 4 in Staves
  8278 | D:7      | Reached skill level 4 in Slings
  8278 | D:7      | Reached skill level 4 in Bows
  8278 | D:7      | Reached skill level 4 in Crossbows
  8278 | D:7      | Reached skill level 4 in Throwing
  8278 | D:7      | Reached skill level 4 in Armour
  8278 | D:7      | Reached skill level 4 in Stealth
  8278 | D:7      | Reached skill level 4 in Shields
  8278 | D:7      | Reached skill level 4 in Evocations
  8393 | D:7      | Slain by a wight

Vanquished Creatures
  The ghost of ianfitz1987 the Cudgeller, a novice TrAK of Lugonu (D:5)
  2 ice beasts
  3 ogres
  2 necrophages
  A phantom (D:5)
  2 bullfrogs
  A scorpion (D:5)
  A water moccasin skeleton (D:5)
  2 wights (D:7)
  A bullfrog zombie (D:5)
  A centaur zombie (D:6)
  A jelly (D:6)
  2 bullfrog skeletons (D:4)
  An orc priest (D:5)
  2 iguanas
  5 orc wizards
  2 hound skeletons (D:4)
  A howler monkey skeleton (D:5)
  A howler monkey zombie (D:6)
  5 adders
  11 gnolls
  An ufetubus (D:4)
  An adder zombie (D:5)
  A dart slug (D:3)
  3 worms
  22 orcs
  A bat (D:2)
  4 endoplasms
  4 giant cockroaches
  5 hobgoblins
  2 jackals (D:3)
  5 quokkas
  A ball python (D:1)
  3 frilled lizards
  6 goblins
  6 kobolds
  3 rats
116 creatures vanquished.
